 Dungeon Crawl Stone Soup version 0.19-a0-320-gcfc3c9c (webtiles) character file.

239 MenacingMecha the Insei (level 5, 0/43 HPs)
             Began as a Mummy Monk on May 28, 2016.
             Killed by divine providence
             ... invoked by an orc priest
              (14 damage)
             ... on level 4 of the Dungeon.
             The game lasted 00:14:03 (4575 turns).

MenacingMecha the Insei (Mummy Monk)                Turns: 4575, Time: 00:14:04

Health: 0/43       AC:  3    Str: 17    XL:     5   Next: 79%
Magic:  5/5        EV: 13    Int: 10    God:
Gold:   153        SH:  0    Dex: 15    Spells: 0 memorised, 4 levels left

rFire  x . .     SeeInvis .       - Unarmed
rCold  + + .     Gourm    .     (no armour)
rNeg   + + +     Faith    .     (no shield)
rPois  ∞         Spirit   .     (no helmet)
rElec  .         Dismiss  .     (no cloak)
rCorr  .         Reflect  .     c - +2 pair of gloves
SustAt .         Harm     .     (no boots)
MR     .....                    (no amulet)
Stlth  +.........               a - ring of protection from cold {rC+}
                                f - +3 ring of strength

@: confused, not resistant to hostile enchantments, very unstealthy
A: no food or potions, fire vulnerability, cold resistance 1, negative energy
resistance 3, torment resistance, unbreathing
a: no special abilities


You were on level 4 of the Dungeon.
You were not hungry.

You visited 1 branch of the dungeon, and saw 5 of its levels.

You collected 153 gold pieces.

Inventory:

Armour
 c - a +2 pair of gloves (worn)
   (You found it on level 2 of the Dungeon)
Jewellery
 a - a ring of protection from cold (right hand) {rC+}
   (You found it on level 4 of the Dungeon)
 f - a +3 ring of strength (left hand)
   (You found it on level 3 of the Dungeon)
Scrolls
 b - 3 scrolls of enchant weapon {unknown}
 d - 4 scrolls of identify {unknown}
 e - a scroll of recharging {unknown}
 g - a scroll of remove curse {unknown}


   Skills:
 + Level 4.7 Fighting
 - Level 2.4 Dodging
 - Level 1.5 Stealth
 - Level 5.0 Unarmed Combat


You had 4 spell levels left.
You didn't know any spells.

Dungeon Overview and Level Annotations

Branches:
Dungeon (5/15)
 Temple: D:4-7

Altars:
Cheibriados
Elyvilon
Vehumet
The Shining One

Annotations:
D:1 exclusion: gnoll
D:2 Robin, Sigmund
D:4 exclusion: 2 gnolls


Innate Abilities, Weirdness & Mutations

You do not eat or drink.
Your flesh is vulnerable to fire.
You are immune to poison.
Your flesh is cold resistant. (rC+)
You are immune to negative energy. (rN+++)
You are immune to unholy pain and torment.
You can survive without breathing.


Message History

You hit the adder skeleton. The adder skeleton closely misses you.
You barely miss the adder skeleton. The adder skeleton closely misses you.
You hit the adder skeleton. The adder skeleton closely misses you.
You hit the adder skeleton but do no damage.
The adder skeleton barely misses you.
You hit the adder skeleton. The adder skeleton bites you.
You closely miss the adder skeleton. The adder skeleton barely misses you.
You punch the adder skeleton!
You destroy the adder skeleton!
You start resting.
HP restored.
h - a wand of iceblast You drop a wand of iceblast.
You see here a wand of iceblast.
Found a dagger.
Found a stone staircase leading down.
There is a stone staircase leading down here.
You see here a dagger.
You see here a dagger.
There is a stone staircase leading down here.
You climb downwards.
An orc, an orc priest and 3 orc wizards come into view.
The orc shouts!
The orc wizard shouts! x3
Found 5 fruits.
Found a stone staircase leading down.
There is a stone staircase leading up here.
The orc priest casts a cantrip, but nothing happens.
The orc wizard hits you with a dagger. The orc closely misses you.
You climb upwards.
Level annotation: exclusion: 2 gnolls
There is a stone staircase leading down here.
You punch the orc wizard!
The orc wizard is heavily wounded.
You barely miss the orc wizard.
The orc wizard is heavily wounded.
The orc wizard barely misses you. The orc closely misses you.
You hit the orc wizard.
The orc wizard is almost dead.
The orc wizard barely misses you. The orc hits you but does no damage.
You hit the orc wizard but do no damage.
The orc wizard is almost dead.
The orc wizard hits you with a dagger. The orc hits you.
You hit the orc wizard.
You kill the orc wizard!
The orc misses you.
You hit the orc.
The orc is moderately wounded.
The orc barely misses you.
You hit the orc.
The orc is severely wounded.
The orc completely misses you.
You barely miss the orc. Your punch misses the orc.
The orc is severely wounded.
The orc hits you but does no damage.
You hit the orc but do no damage.
The orc is severely wounded.
The orc barely misses you.
You hit the orc.
You kill the orc!
h - a leather armour You drop a leather armour.
There is a stone staircase leading down here.
You start resting.
HP restored.
Drop what? 7/52 slots (_ for help) (? for menu, Esc to quit)
Okay, then.
You climb downwards.
The orc wizard points at you and mumbles some strange words.
The magic dart hits you!
There is a stone staircase leading up here.
Unknown command.
The orc wizard gestures wildly while chanting.
The orc wizard flickers and vanishes!
Deactivating autopickup; reactivate with Ctrl-A.
The orc priest hits you with a flail.
You climb upwards.
Level annotation: exclusion: 2 gnolls
There is a stone staircase leading down here.
Unknown command.
You hit the orc priest but do no damage.
You hear some strange, mumbled words.
You are confused.
The orc priest hits you with a flail.
You hit the orc priest.
The orc priest is moderately wounded.
Something hits you but does no damage.
You bump into the rock wall.
The orc priest barely misses you. Something hits you.
You can't drink.
You hit the orc priest but do no damage.
The orc priest is moderately wounded.
The orc priest calls down the wrath of Beogh upon you.
You are unaffected.
You hear some strange, mumbled words.
A magic dart appears from out of thin air!
The magic dart hits you!
You miss something. The orc priest hits you with a flail.
Something hits you but does no damage.
You bump into the rock wall.
The orc priest mumbles some strange prayers to Beogh against you.
Beogh smites you!
You die...

#.# ##.#.#
#.# #.#.#
#.# #.#.#
#.# #.#.#
#.# #.#.#
#.#
#.#.#######
#)#
#.#.......(
#o#
#..........
#@#
###########
#{#
#########
#.###
#........
#...#
#.#######
###.####
#.# #....#
#.# ####.#
#.# #.# #.#
#.# #.####


You could see an orc priest.

Vanquished Creatures
  A howler monkey (D:4)
  An orc wizard (D:4)
  A worker ant (D:4)
  5 adders
  An ooze (D:2)
  2 adder skeletons (D:4)
  A worm (D:2)
  6 dart slugs
  4 orcs
  6 bats
  6 goblins
  4 hobgoblins
  12 jackals
  11 kobolds
  2 quokkas (D:4)
  4 ball pythons (D:1)
  2 giant newts
  5 rats
74 creatures vanquished.

Vanquished Creatures (others)
  A giant cockroach (D:2)
  A hobgoblin (D:2)
  2 jackals (D:3)
  A quokka (D:3)
  2 rats (D:2)
7 creatures vanquished.

Grand Total: 81 creatures vanquished

Notes
Turn   | Place    | Note
--------------------------------------------------------------
     0 | D:1      | MenacingMecha the Mummy Monk began the quest for the Orb.
     0 | D:1      | Reached XP level 1. HP: 18/18 MP: 1/1
   251 | D:1      | HP: 4/18 [kobold/club (2)]
   515 | D:1      | Reached XP level 2. HP: 24/24 MP: 2/2
  1389 | D:1      | Reached skill level 4 in Unarmed Combat
  1600 | D:1      | Reached XP level 3. HP: 17/29 MP: 3/3
  1801 | D:2      | Found a radiant altar of Vehumet.
  2183 | D:2      | Found a white marble altar of Elyvilon.
  2183 | D:2      | Noticed Robin
  2186 | D:2      | Noticed Sigmund
  2474 | D:3      | Found a snail-covered altar of Cheibriados.
  2645 | D:3      | Reached XP level 4. HP: 34/35 MP: 4/4
  2775 | D:3      | Found a glowing golden altar of the Shining One.
  2967 | D:3      | Reached skill level 5 in Unarmed Combat
  3865 | D:4      | Reached XP level 5. HP: 25/41 MP: 5/5
  4203 | D:4      | Reached skill level 4 in Fighting
  4511 | D:5      | Entered Level 5 of the Dungeon
  4575 | D:4      | Killed from afar by an orc priest

Vault maps used:
D:1:      minmay_arrival_jagged, nrook_loot_triangle
D:2:      fiery_altar_vehumet, nicolae_gozag_seed_capital, first_bread,
          elyvilon_altar_4, uniq_robin, uniq_sigmund
D:3:      kennysheep_slug_shrine, tso_metal_star
D:5:      nicolae_overflow_hidden_temple, nicolae_overflow_crystal_walls,
          serial_shops, shop

Skill      XL: |  1  2  3  4  5 |
---------------+----------------+-----
Unarmed Combat | 4 5 |  5.0
Fighting       | 4 |  4.7
Dodging        | |  2.4
Stealth        | |  1.5

Action                   |  1- 3 |  4- 6 || total
-------------------------+-------+-------++-------
Melee: Unarmed           |   173 |   144 ||   317
       Punch             |     1 |     2 ||     3
 Stab: Sleeping          |     3 |     5 ||     8
Armor: Skin              |    12 |    30 ||    42
Dodge: Dodged            |   127 |    91 ||   218

Vault maps used:
D:1:      minmay_arrival_jagged, nrook_loot_triangle
D:2:      fiery_altar_vehumet, nicolae_gozag_seed_capital, first_bread,
          elyvilon_altar_4, uniq_robin, uniq_sigmund
D:3:      kennysheep_slug_shrine, tso_metal_star
D:5:      nicolae_overflow_hidden_temple, nicolae_overflow_crystal_walls,
          serial_shops, shop

Table legend:
 A = Turns spent in this place as a percentage of turns spent in the entire game.
 B = Non-inter-level travel turns spent in this place as a percentage of non-inter-level travel turns spent in the entire game.
 C = Inter-level travel turns spent in this place as a percentage of turns spent in this place.
 D = Turns resting spent in this place as a percentage of non-inter-level travel turns spent in this place.
 E = Turns spent auto-exploring this place as a percentage of non-inter-level travel turns spent in this place.
 F = Non-inter-level travel turns spent in this place divided by the number of levels of this place that you've seen.
                   A       B       C       D       E      F
               +-------+-------+-------+-------+-------+----------------------
         Total | 100.0 | 100.0 |   0.6 |   4.1 |   1.3 | 328.2
       Dungeon | 100.0 | 100.0 |   0.6 |   4.1 |   1.3 | 328.2
               +-------+-------+-------+-------+-------+----------------------

Table legend:
 A = Kills in this place as a percentage of kills in entire the game.
 B = Kills by you in this place as a percentage of kills by you in the entire game.
 C = Kills by friends in this place as a percentage of kills by friends in the entire game.
 D = Other kills in this place as a percentage of other kills in the entire game.
 E = Experience gained in this place as a percentage of experience gained in the entire game.
 F = Experience gained in this place divided by the number of levels of this place that you have seen.
                   A       B       C       D       E      F
               +-------+-------+-------+-------+-------+----------------------
         Total | 100.0 | 100.0 |  -nan |  -nan | 100.0 |  68.4
       Dungeon | 100.0 | 100.0 |  -nan |  -nan | 100.0 |  68.4
               +-------+-------+-------+-------+-------+----------------------
